 Dungeon Crawl Stone Soup version 0.30-a0-760-g5a9884bb7c (webtiles) character file.

Game seed: 10056279069222324208

426 browni3141 the Cutter (level 6, -10/47 HPs)
             Began as a Mummy Cinder Acolyte on Feb 11, 2023.
             Was a High Priest of Ignis.
             Mangled by Duvessa
             ... wielding a +2 short sword of venom
              (15 damage)
             ... on level 4 of the Dungeon.
             The game lasted 00:09:50 (3435 turns).

browni3141 the Cutter (Mummy Cinder Acolyte)        Turns: 3435, Time: 00:09:51

Health: -10/47     AC: 12    Str: 18    XL:     6   Next: 64%
Magic:  6/10       EV: 10    Int: 15    God:    Ignis [*****.]
Gold:   149        SH:  0    Dex:  7    Spells: 9/11 levels left

rFire   . . .      SeeInvis +    e - +2 dagger (elec)
rCold   + . .      Faith    +    (no shield)
rNeg    + + +      Spirit   .    d - +0 ring mail
rPois   ∞          Reflect  .    (no helmet)
rElec   .          Harm     .    (no cloak)
rCorr   +          Rampage  .    (no gloves)
Will    .....                    (no boots)
Stlth   +                        (no amulet)
HPRegen 0.27/turn                c - ring of resist corrosion
MPRegen 0.12/turn                i - ring of see invisible

@: fiery-armoured
A: cold resistance 1, negative energy resistance 3, torment resistance 2, heat
vulnerability 1, in touch with death 1, no potions, faith
a: Renounce Religion, Fiery Armour, Foxfire Swarm, Rising Flame


You were on level 4 of the Dungeon.
You worshipped Ignis.
Ignis was extremely pleased with you.
You visited 1 branch of the dungeon, and saw 4 of its levels.

You collected 149 gold pieces.

Inventory:

Hand Weapons
 a - a -1 short sword of flaming
 e - a +2 dagger of electrocution (weapon)
Missiles
 g - 4 curare-tipped darts
Armour
 b - a +0 robe
 d - a +0 ring mail (worn)
Jewellery
 c - a ring of resist corrosion (left hand)
 i - a ring of see invisible (right hand)
 m - an amulet of magic regeneration
Scrolls
 h - 2 scrolls of identify
 l - 3 scrolls of enchant armour
 n - a scroll of noise
 o - a scroll of vulnerability {unknown}


   Skills:
 - Level 3.0 Fighting
 * Level 4.9 Short Blades
 - Level 1.0 Throwing
 - Level 2.0 Armour
 - Level 1.0 Stealth
 - Level 3.0 Spellcasting
 - Level 3.0 Fire Magic


You had 9 spell levels left.
You knew the following spells:

 Your Spells              Type           Power      Damage    Failure   Level
a - Scorch                Fire           22%        2d6       16%         2

Your spell library contained the following spells:

 Spells                   Type           Power      Damage    Failure   Level
 Passage of Golubria      Tloc           2%         N/A       98%         4
 Petrify                  Tmut/Erth      2%         N/A       98%         4
 Borgnjor's Vile Clutch   Necr/Erth      1%         N/A       100%        5
 Metabolic Englaciation   Hex/Ice        1%         N/A       100%        5
 Silence                  Hex/Air        1%         N/A       100%        5
 Lehudib's Crystal Spear  Conj/Erth      1%         10d2      100%        8
 Ice Form                 Ice/Tmut       Unusable   N/A       N/A         4
 Statue Form              Tmut/Erth      Unusable   N/A       N/A         6
 Dragon Form              Tmut           Unusable   N/A       N/A         7

Dungeon Overview and Level Annotations

Branches:
Dungeon (4/15)
 Temple: D:4-7

Altars:
Cheibriados
Nemelex Xobeh

Shops:
D:1 *   D:3 !

Annotations:
D:3 2 transporters, THTSBRD's ghost, amateur MfGl
D:4 Duvessa


Innate Abilities, Weirdness & Mutations

You are immune to poison.
Your flesh is cold resistant. (rC+)
You are immune to negative energy. (rN+++)
You are immune to unholy pain and torment.
You are vulnerable to heat. (rF-)
You are in touch with the powers of death.
You do not drink.
You have a special connection with the divine. (Faith)


Message History

Duvessa is lightly wounded.
Duvessa barely misses you.
You hit Duvessa.
Duvessa is moderately wounded.
A ball python comes into view.
Duvessa hits you with a +2 short sword of venom.
You hit Duvessa.
Duvessa is moderately wounded.
Duvessa barely misses you.
Okay, then.
Unknown command.
As you read the scroll labelled YFRODE XEISAGOWN, it crumbles to dust.
You assume a fearsome visage.
The ball python looks frightened!
The hound looks frightened!
Duvessa is unaffected.
It was a scroll of fear.
Duvessa is no longer more vulnerable to fire.
A quokka comes into view.
Duvessa closely misses you.
As you read the scroll labelled OMAEFIUMPU, it crumbles to dust.
The scroll dissolves into smoke.
It was a scroll of fog.
Duvessa hits you with a +2 short sword of venom.
Duvessa is burned by your cloak of flames.
Duvessa is moderately wounded.
Duvessa closely misses you.
As you read the scroll labelled DECAEN NETIS, it crumbles to dust.
The creatures around you are filled with an inner flame!
It was a scroll of immolation.
Duvessa hits you with a +2 short sword of venom.
Duvessa is burned by your cloak of flames.
Flame seeps out of Duvessa.
Duvessa is moderately wounded.
Casting: Scorch (safe; 16% risk of failure)
Press: ? - help, Q - select action, (/) - cycle Dir - look around, f - activate Flames lash Duvessa.
Flame seeps out of Duvessa.
Duvessa is heavily wounded.
Duvessa's fire resistance burns away.
You hear a shout!
Duvessa hits you with a +2 short sword of venom!
* * * LOW HITPOINT WARNING * * *
Duvessa hits you with a +2 short sword of venom!
You die...

#........#####..######.
#.##.....# ##.#
#.######## #.# #.# #.#
#.# #.# #.# #.# #.# #§#
#.# #§# #.# #@# #.# #e#
##.#


#Sr ...# #§§^ #### ##rh. ..## ### You could see Duvessa (berserk, inner flame,
combustible), a quokka (inner flame) and a ball python (inner flame).

Vanquished Creatures
  Grinder (D:4)
  Dowan (D:4)
  A jelly (D:3)
  An orc priest (D:3)
  4 adders (D:3)
  A white imp (D:4)
  A worm (D:3)
  3 dart slugs
  7 orcs (D:3)
  6 bats
  6 endoplasms
  2 giant cockroaches (D:1)
  6 goblins
  4 hobgoblins
  4 jackals (D:3)
  7 ball pythons
  6 frilled lizards
  4 kobolds
  A rat (D:1)
66 creatures vanquished.

Vanquished Creatures (others)
  2 bushes (D:4)
2 creatures vanquished.

Grand Total: 68 creatures vanquished

Notes
Turn   | Place    | Note
-------+----------+-------------------------------------------
     0 | D:1      | browni3141 the Mummy Cinder Acolyte began the quest for the
                  | Orb.
     0 | D:1      | Reached XP level 1. HP: 18/18 MP: 2/2
   181 | D:1      | Got the Exposition on the Lithosphere and Vicissitude
   201 | D:1      | Found Vomon Woh's Assorted Antiques.
   302 | D:1      | Reached XP level 2. HP: 21/24 MP: 5/5
   305 | D:1      | Learned a level 2 spell: Scorch
  1426 | D:2      | Gained mutation: You are in touch with the powers of death.
                  | [Mummy growth]
  1426 | D:2      | Reached XP level 3. HP: 29/29 MP: 3/6
  1646 | D:2      | Found a sparkling altar of Nemelex Xobeh.
  2106 | D:3      | Found Hiutoferch's Distillery.
  2179 | D:3      | Noticed THTSBRD's ghost (amateur MfGl)
  2180 | D:3      | Found a transporter.
  2180 | D:3      | Noticed an ogre
  2181 | D:3      | Identified the +6 dire flail of Juisas {elec, rElec Int+4
                  | Dex+3}
  2181 | D:3      | Noticed an ogre
  2184 | D:3      | Found a transporter.
  2254 | D:3      | Reached skill level 1 in Stealth
  2431 | D:3      | Reached XP level 4. HP: 31/35 MP: 3/8
  2440 | D:3      | Reached skill level 1 in Armour
  2574 | D:3      | Reached skill level 1 in Throwing
  2782 | D:3      | Reached XP level 5. HP: 41/41 MP: 1/9
  2908 | D:3      | Reached skill level 3 in Short Blades
  2984 | D:3      | Found a snail-covered altar of Cheibriados.
  3097 | D:4      | Noticed Dowan
  3106 | D:4      | Noticed Duvessa
  3107 | D:4      | Killed Dowan
  3277 | D:4      | Noticed Grinder
  3299 | D:4      | Killed Grinder
  3300 | D:4      | Reached skill level 4 in Short Blades
  3300 | D:4      | Reached XP level 6. HP: 36/47 MP: 5/10
  3435 | D:4      | Mangled by Duvessa

Illustrated notes

Levels and vault maps discovered:
D:1:      wander_arrival_peaceful_grave, layout_loops_ring, serial_shops,
          nicolae_shop_behind_doors, minmay_bisected
D:2:      layout_basic, basic_altar, minmay_lizard_pond
D:3:      layout_rooms, old_standard_altar, gammafunk_ghost_smash, serial_shops,
          shop, nicolae_half_adder
D:4:      layout_loops_ring, trog_ov_bears_minmay, hangedman_decor_push,
          minmay_close_crescents, uniq_duvessa, uniq_grinder

Skill      XL: |  1  2  3  4  5 |
---------------+----------------+-----
Spellcasting   | 2 3 |  3.0
Fire Magic     | 3 |  3.0
Stealth        | 1 |  1.0
Armour         | 1 2 |  2.0
Throwing       | 1 |  1.0
Short Blades   | 4 |  4.9
Fighting       | |  3.0

Action                     |  1- 3 |  4- 6 || total
---------------------------+-------+-------++-------
  Melee: Short sword       |   108 |       ||   108
         Punch             |     1 |       ||     1
         Dagger            |    45 |    25 ||    70
   Cast: Scorch            |    30 |    26 ||    56
 Invoke: Fiery Armour      |       |     2 ||     2
    Use: Scroll            |       |     5 ||     5
 Armour: Robe              |    69 |       ||    69
         Ring mail         |    16 |    11 ||    27
  Dodge: Dodged            |   107 |    15 ||   122

Table legend: (Time is in decaauts)
 A = Elapsed time spent in this place.
 B = Non-inter-level travel time spent in this place.
 C = Inter-level travel time spent in this place.
 D = Time resting spent in this place.
 E = Time spent auto-exploring this place.
 F = Levels seen in this place.
 G = Mean time per level.
                   A        B        C        D        E       F      G
               +--------+--------+--------+--------+--------+-----+--------+
         Total |   3411 |   3276 |    135 |     34 |   2592 |   4 |  852.8 |
       Dungeon |   3411 |   3276 |    135 |     34 |   2592 |   4 |  852.8 |
               +--------+--------+--------+--------+--------+-----+--------+

Top non-repeatable levels by time:
     D:1: 1277 daAuts
     D:3: 1056 daAuts
     D:2: 813 daAuts
     D:4: 264 daAuts
